[Event "Rohde op 12th"]
[Site "Sautron"]
[Date "2012.11.02"]
[Round "8"]
[White "Marholev, Dimitar"]
[Black "Le Roux, Jean Pierre"]
[Result "0-1"]
[ECO "A16"]
[WhiteElo "2326"]
[BlackElo "2563"]
[Annotator "RR"]
[PlyCount "60"]
[EventDate "2012.10.27"]
[EventType "swiss"]
[EventRounds "9"]
[EventCountry "FRA"]
[SourceTitle "EXT 2014"]
[Source "ChessBase"]
[SourceDate "2013.11.20"]
[SourceVersion "1"]
[SourceVersionDate "2013.11.20"]
[SourceQuality "1"]
[TimeControl "40/5400+30:1800+30"]
[WhiteClock "1:30:00"]
[BlackClock "1:30:00"]

1. Nf3 Nf6 2. c4 g6 3. Nc3 d5 4. Qa4+ $5 (4. Qb3) (4. cxd5 {L'ancienne ligne qui est moins jouée
aujourd'hui que Qb3} Nxd5 5. Qa4+) 4... Bd7 5. Qb3 dxc4 6. Qxc4 a6 (
6... Bg7 7. e4 $14 (7. d4)) 7. e4 (7. d4 Be6 8. Qa4+ b5 9. Qd1
Bg7 {Tratar,M (2449)-Nepomniachtchi,I (2476) Ljubljana op 15th 2004 (9) 1/2} (
9... Bc8 {Rowson})) 7... b5 8. Qe2 {[%emt 0:00:08] Une idée
sophistiquée de B. GELFAND} c5 (8... Nc6 9. e5
Nb4 10. exf6 Nc2+ 11. Kd1 Nxa1 $13 {Sadorra,J (2470)-Kazhgaleyev,M (2641)
Manila Pichay Cup 4th 2008 (2) 0-1}) (8... Bc8) 9. e5 Nh5 10. d4 (10. Qe3 $5 {Kortschnoj,V 
(2579)-Tseitlin,M (2455) Beersheba g/30' rapid 2004 (10) 1-0}) (10. d3) 10...
cxd4 {[%emt 0:00:03] Changeant le premier sur la partie de référence du bulgare
} (10... Bf5 11. dxc5 Nc6 12. Be3 Qa5 13. Nd4 (13. Rd1 $5) 13... Nxd4 14. Bxd4
Rd8 15. Rd1 Bh6 16. g3 b4 17. Qxa6 Qxa6 18. Bxa6 bxc3 19. Bxc3 Rxd1+ 20. Kxd1
Ng7 21. Ke2 Ne6 22. Bb5+ Kd8 23. Rd1+ Kc8 24. b4 Rd8 25. Rxd8+ {Marholev,D 
(2364)-Dourerassou,J (2460)/Dieppe 2012/EXT 2013/0-1 (41)}) 11. Nxd4 Nc6 12. Nxc6 $6 $146 (12. Nb3 $142 b4
(12... Qc7 13. f4 $14) 13. Nd5 Bg7 14. Be3 Bxe5 15. Nb6 Rb8 16. Nxd7 Qxd7 17.
Rd1 Bd6 18. Qxa6 Qb7 19. Qxb7 Rxb7 20. Rc1 Nd8 21. g3 O-O 22. Bg2 Rb5 23. O-O
Ne6 24. Rfd1 Nf6 25. h3 h5 26. Nd4 Nxd4 {Ovetchkin,R (2519)-Shivananda,B (2387)
/Mumbai 2010/CBM 136 Extra/1-0 (81)}) 12... Bxc6 $132 13. Be3 (13. e6 $6 f5) 13... Qc7 $1 14.
f4 (14. Rc1 Qxe5 15. Na4 $13) 14... b4 $36 15. Nb1 $6 {[%emt 0:06:31] La position Blanche ne parait pas trés saine} (15.
Nd1 $142 $5 Bh6 16. Rc1 $1 Qb7 17. Qc2 Bd5 (17... Rc8 18. Bc4
O-O 19. O-O Bb5 20. Qe2 (20. Qb3)) 18. f5 Bf4 $15) 15... Bh6 $32
{[%emt 0:03:36] Les Noirs ont maintenant un bon jeu de pièces et cette
variante Qb3 qui était sensé donner un centre fort aux Blancs, a
paradoxalement créé des faiblesses centrales.} 16. Qc4 Qb7 $36 17. Rg1 O-O 18. g3 Bd5 (18... Ng7 ) 19.
Qd4 f6 $1 {[%emt 0:14:28][%csl Re1] Il faut ouvrir le jeu} 20.
exf6 Nxf6 21. Bc4 $2 e5 $19 22. Qd3 exf4 23. Bxf4 Bxf4 24. gxf4 Rfe8+ 25. Kd1 Bxc4 26. Qxc4+ Kg7 27. Nd2 Rad8 28.
Rc1 Qf3+ 29. Kc2 Rxd2+ 30. Kxd2 Qf2+ 0-1

[Event "Sautron op 16th"]
[Site "Sautron"]
[Date "2016.10.29"]
[Round "9.2"]
[White "Malakhatko, Vadim"]
[Black "Stany, George Anthony"]
[Result "1/2-1/2"]
[ECO "A16"]
[WhiteElo "2514"]
[BlackElo "2471"]
[Annotator "Sagar Shah"]
[PlyCount "50"]
[EventDate "2016.10.22"]
[EventType "swiss"]
[EventRounds "9"]
[EventCountry "FRA"]
[SourceTitle "EXT 2019"]
[Source "ChessBase"]
[SourceDate "2018.10.10"]
[SourceVersion "1"]
[SourceVersionDate "2018.10.10"]
[SourceQuality "1"]
[TimeControl "40/5400+30:1800+30"]
[WhiteClock "0:03:53"]
[BlackClock "0:22:33"]

1. c4 Nf6 {[%emt 0:00:00] With five wins and four draws,
Stany remained unbeaten and performed at an Elo of 2577, gaining 13 Elo points
and clinching the top spot} 2. Nc3 d5 3. cxd5 Nxd5 4. g3 g6 5. Bg2 Nb6 6. d3 Bg7 7. Be3 Nc6 8. Bxc6+ bxc6 9. Qc1 h5 (9...
h6 10. Nf3 Bh3 11. Nd2 O-O 12. Nde4 Kh7 13. f3 Nd5 14. Bc5 Be6 15. Bf2 Bh3 16.
Nd1 e5 17. Qxc6 f5 18. Nc5 Rf6 19. Qa4 Rb6 20. Rc1 Rb4 21. Qc2 Qd6 22. Nb3 Qa6
23. Bc5 e4 24. Bxb4 Nxb4 25. Qc4 Qb6 26. dxe4 fxe4 27. Qxe4 Rd8 28. Nf2 Bg2 29.
Rg1 Nxa2 30. Rxg2 Nxc1 31. Nxc1 Qxb2 32. Nfd3 Qc3+ 33. Kf2 c5 34. Rg1 Rd4 35.
Qe7 Rd5 36. Nf4 Re5 37. Qf7 g5 38. Nh5 Qe3+ 39. Kg2 {Malakhatko,V (2548)
-Petrosian,T (2612) Dubai 2010 1-0}) 10. Nf3 Bg4 11. Ng5 Nd5 12. Bd2 O-O 13. f3 Bc8 $146 (13... Bf5
14. Nge4 Bd4 15. a3 Rb8 16. e3 Bg7 17. Qc2 Be6 18. Nf2 Qc8 19. Ke2 Qa6 20. Rhb1
f5 21. Na4 Bf7 22. Nc5 Qc8 23. a4 e5 24. Ra3 f4 25. e4 Nb4 26. Bxb4 Rxb4 27. g4
Rd8 28. Rc3 Rd6 29. b3 Qd8 30. Rg1 Kh7 31. Na6 Rb6 32. Nc5 a5 33. Rg2 Bf8 34.
Rg1 Rd4 35. Rb1 Rdb4 36. h3 Qd4 37. Kf1 Bxc5 38. Rxc5 Bxb3 39. Qc1 Bxa4 40.
Rxb4 Rxb4 41. Rxa5 Bb5 42. Qa3 c5 43. Qa2 {Penzold,A (2324)-Murawski,G (2362)
Germany 2003 0-1}) 14. Nge4 Bd4 15. Nd1 Qd7 16. Qc4 Nb6 17. Qc2 Nd5 18. Qc4 Nb6 19. Qc2 Nd5 20. Rc1 Rb8 21. Qc4 Bxb2 22. Nxb2 Rxb2 23. Bh6 Rd8 24. Nc5 Qd6 25. e4 Nb4 1/2-1/2